 Dungeon Crawl Stone Soup version 0.29-b1-12-g9e2288ab2a (webtiles) character file.

Game seed: 13024319632701928574

172 worthlessgem the Scratcher (level 5, 0/24 HPs)
             Began as a Felid Transmuter on Aug 24, 2022.
             Was an Initiate of Yredelemnul.
             Succumbed to an adder's poison
             ... on level 6 of the Dungeon.
             The game lasted 00:36:09 (5115 turns).

worthlessgem the Scratcher (Felid Transmuter)       Turns: 5115, Time: 00:36:10

Health: 0/24       AC:  1    Str:  8    XL:     5   Next: 27%
Magic:  9/9        EV: 17    Int: 14    God:    Yredelemnul [......]
Gold:   202        SH:  0    Dex: 17    Spells: 0/8 levels left
                                        Lives:  0   Deaths: 1

rFire   + . .      SeeInvis +     - Unarmed
rCold   + . .      Faith    +   (shield unavailable)
rNeg    . . .      Spirit   .   (body armour unavailable)
rPois   +          Reflect  .   (helmet unavailable)
rElec   +          Harm     .   (cloak unavailable)
rCorr   +          Rampage  .   (gloves unavailable)
Will    .....                   (boots unavailable)
Stlth   ++........              r - amulet of faith
HPRegen 0.08/turn               k - ring of poison resistance
MPRegen 0.11/turn               (no ring)

@: lethally poisoned (0 -> -5), resistant, quick
A: very small, claws 1, fangs 3, see invisible, speed 1, shaggy fur 1, stealthy
paws, no weapons or thrown items, no armour, multi-lived
a: Renounce Religion, Recall Undead Harvest


You were on level 6 of the Dungeon.
You worshipped Yredelemnul.
Yredelemnul was noncommittal.
You visited 2 branches of the dungeon, and saw 7 of its levels.

You collected 202 gold pieces.

Inventory:

Jewellery
 k - a ring of poison resistance (left paw)
 r - an amulet of faith (around neck)
Scrolls
 b - 3 scrolls of teleportation {unknown}
 e - a scroll of fog {unknown}
 f - 2 scrolls of immolation {unknown}
 j - 2 scrolls of noise {unknown}
 l - 4 scrolls of identify {unknown}
 n - a scroll of fear {unknown}
 o - 2 scrolls of blinking {unknown}
 q - a scroll of torment {unknown}
 s - a scroll of enchant weapon {unknown}
Potions
 a - a potion of lignification
 g - a potion of mutation {unknown}
 h - a potion of cancellation {unknown}
 i - 2 potions of attraction
 m - a potion of magic {unknown}
 p - a potion of invisibility {unknown}


   Skills:
 - Level 3.4 Fighting
 - Level 2.6 Dodging
 - Level 4.2 Unarmed Combat
 - Level 2.0 Spellcasting
 + Level 3.5 Transmutations
 + Level 2.0 Poison Magic


You couldn't memorise any spells.
You knew the following spells:

 Your Spells              Type           Power      Damage    Failure   Level
a - Beastly Appendage     Tmut           22%        N/A       5%          1
b - Wereblood             Tmut           11%        N/A       9%          2
c - Spider Form           Tmut/Pois      9%         N/A       22%         3
d - Call Imp              Summ           1%         N/A       34%         2

Your spell library contained the following spells:

 Spells                   Type           Power      Damage    Failure   Level
 Magic Dart               Conj           4%         1d3       24%         1
 Static Discharge         Conj/Air       1%         3-4/arc   34%         2
 Mephitic Cloud           Conj/Pois/Air  3%         N/A       47%         3
 Gell's Gravitas          Tloc           1%         N/A       56%         3
 Teleport Other           Tloc           1%         N/A       56%         3
 Ice Form                 Ice/Tmut       6%         N/A       75%         4
 Dispel Undead            Necr           1%         3d6       93%         4
 Sticky Flame             Conj/Fire      1%         2d3       93%         4
 Iskenderun's Battlesphe  Conj           1%         2d6       100%        5
 Dispersal                Tloc           0%         N/A       100%        6
 Iron Shot                Conj/Erth      0%         9d1       100%        6
 Spellforged Servitor     Conj/Summ      0%         N/A       100%        7


Dungeon Overview and Level Annotations

Branches:
Dungeon (6/15)             Temple (1/1) D:4

Altars:
Ashenzari
Dithmenos
Elyvilon
Fedhas
Gozag
Hepliaklqana
Makhleb
Nemelex Xobeh
Okawaru
Ru
Sif Muna
Uskayaw
Vehumet
Wu Jian
Xom
Yredelemnul
Zin

Annotations:
D:2 exclusion: adder


Innate Abilities, Weirdness & Mutations

You have sharp claws.
You have razor-sharp teeth.
You have supernaturally acute eyesight. (SInv)
You cover ground quickly. (Speed+)
You are covered in fur. (AC +1)
Your paws help you pounce on unaware monsters.
You are incapable of wielding weapons or throwing items.
You cannot wear armour.
You gain extra lives every three experience levels.


Message History

You climb downwards.
The adder bites you but does no damage. The adder closely misses you.
There is a stone staircase leading up here.
The adder attacks as you move away! The adder bites you but does no damage.
You see here 10 gold pieces.
The adder attacks as you move away! The adder bites you but does no damage.
You open the door.
An ogre comes into view. It is wielding a +0 giant club.
The ogre shouts!
The adder closely misses you.
The ogre moves out of view.
Found a stone staircase leading down.
An orc comes into view. It is wielding a +0 dagger.
There is an open door here.
A scorpion comes into view.
The adder bites you. The ogre barely misses you.
An ogre comes into view. It is wielding a +0 giant club.
Okay, then.
The scorpion misses you. The orc misses you. The ogre barely misses you.
There is a stone staircase leading down here.
The adder closely misses you. The scorpion closely misses you.
The orc hits you with a +0 dagger. The adder bites you.
The howler monkey hoots and howls with incredible vigour!
The scorpion stings you.
* * * LOW HITPOINT WARNING * * *
You hear a shout!
You hear an angry hiss.
Something shouts, "Slither away, thou fawning ruttish simpleton!"
You climb downwards.
Found a stone staircase leading up.
There is a stone staircase leading up here.
The orc completely misses you. The adder attacks as you move away!
The adder bites you.
* * * LOW HITPOINT WARNING * * *
You are lethally poisoned!
The adder poisons you!
* * * LOW HITPOINT WARNING * * *
You feel sick.
It was a potion of resistance.
You feel protected.
You die...
Your body rises from the dead as a mindless zombie.

####.# ####....#
##.......#
.........
......... ..
........# ....
........####.....
......s<#@.......
.......SO...#....
........####.....
...<...## ....
.....## ... #####
.. .


You could see an ogre and an adder.

Vanquished Creatures
  An orc priest (D:3)
  An iguana (D:4)
  An orc wizard (D:3)
  A gnoll (D:4)
  3 adders
  A white imp (D:4)
  An ufetubus (D:4)
  A worm (D:2)
  A dart slug (D:1)
  7 orcs (D:3)
  4 bats
  8 endoplasms
  5 giant cockroaches
  5 goblins
  2 hobgoblins (D:1)
  19 jackals
  4 quokkas (D:1)
  2 ball pythons (D:1)
  2 frilled lizards (D:2)
  6 kobolds
  3 rats
78 creatures vanquished.

Vanquished Creatures (collateral kills)
  An adder (D:4)
  An ufetubus (D:4)
  A hobgoblin (D:4)
  2 jackals (D:4)
  A frilled lizard (D:3)
  A goblin (D:4)
  A kobold (D:4)
8 creatures vanquished.

Vanquished Creatures (others)
  A spectral white imp (D:4)
  A gnoll zombie (D:4)
  2 goblin zombies (D:4)
  2 jackal zombies (D:4)
  A kobold zombie (D:4)
  A spectral ufetubus (D:4)
8 creatures vanquished.

Grand Total: 94 creatures vanquished

Notes
Turn   | Place    | Note
-------+----------+-------------------------------------------
     0 | D:1      | worthlessgem the Felid Transmuter began the quest for the
                  | Orb.
     0 | D:1      | Reached XP level 1. HP: 9/9 MP: 4/4
    99 | D:1      | Reached XP level 2. HP: 10/12 MP: 6/6
   653 | D:1      | Reached skill level 4 in Unarmed Combat
   791 | D:1      | Reached XP level 3. HP: 15/15 MP: 7/7
   794 | D:1      | Learned a level 2 spell: Wereblood
   798 | D:1      | Learned a level 3 spell: Spider Form
  1806 | D:3      | Found a faded altar of an unknown god.
  2416 | D:4      | Identified the +3 leather armour of Limitation {rPois rF+
                  | Will+}
  2424 | D:4      | Found a staircase to the Ecumenical Temple.
  2432 | Temple   | Entered the Ecumenical Temple
  2439 | Temple   | Became a worshipper of Yredelemnul the Dark
  2560 | D:4      | Reached XP level 4. HP: 20/20 MP: 4/8
  2827 | D:4      | Reached * piety under Yredelemnul
  3392 | D:4      | Reached ** piety under Yredelemnul
  3881 | D:4      | Reached XP level 5. HP: 24/24 MP: 4/9
  3895 | D:4      | Noticed a black bear
  4003 | D:4      | HP: 1/24 [black bear (5)]
  4003 | D:4      | Slain by a black bear
  4004 | D:4      | Reached XP level 4. HP: -2/21 MP: 2/8
  4076 | D:4      | Reached skill level 1 in Poison Magic
  4461 | D:3      | Reached XP level 5. HP: 23/24 MP: 6/9
  4677 | D:3      | Identified the +7 spear of Exoneration {pain, Fly rC+
                  | Int+2}
  4785 | D:5      | Entered Level 5 of the Dungeon
  4785 | D:5      | Noticed a two-headed ogre
  4823 | D:4      | Learned a level 2 spell: Call Imp
  5104 | D:5      | Noticed an ogre
  5108 | D:5      | Noticed an ogre
  5114 | D:6      | HP: 1/24 [poisoned by an adder]
  5115 | D:6      | Succumbed to an adder's poison

Illustrated notes

Levels and vault maps discovered:
D:1:      minmay_arrival_four_houses, layout_basic, nrook_mini_vaults,
          minivault_23
D:2:      layout_rooms, serial_shops, nicolae_shop_behind_doors
D:3:      layout_loops_cross, hellmonk_ecumenical_altar_arch_garden
D:4:      minmay_door_path, layout_basic, minmay_temple_entry_offerings,
          amcnicky_mini_rare_corridor_liquid
D:5:      layout_gridville
D:6:      layout_cave_pods
Temple:   sentei_temple_godly_chess

Skill      XL: |  1  2  3  4  5 |
---------------+----------------+-----
Unarmed Combat | 4 |  4.2
Fighting       | 2 3 |  3.4
Poison Magic   | 1 2 |  2.0
Transmutations | 3 |  3.5
Dodging        | |  2.6
Spellcasting   | |  2.0

Action                   |  1- 3 |  4- 6 || total
-------------------------+-------+-------++-------
Melee: Unarmed           |   120 |    93 ||   213
       Headbutt          |     6 |     4 ||    10
       Punch             |     3 |     2 ||     5
       Bite              |     8 |     9 ||    17
 Cast: Beastly Appendage |    23 |     8 ||    31
       Spider Form       |     4 |     9 ||    13
       Call Imp          |       |     4 ||     4
Invok: Recall Undead Har |       |     5 ||     5
  Use: Potion            |       |     3 ||     3
 Stab: Sleeping          |     3 |       ||     3
Armor: Skin              |     8 |     6 ||    14
Dodge: Dodged            |    72 |   106 ||   178
